General information
- name: BNet
- type: Ladder team game (AT/RT)
- host: Battle.net
- saver: boli
map: Mur'gulOasis
- players: 8
- length: 14:10
- speed: Fast
- version: 1.24 W3XP
- replay type: Public
» download(133 KB)
Players
team 1 (winner)

»
boli (
red | 88 APM | 1243 actions | 14:10)
4 Death Knight
2 Death Coil
2 Unholy Aura
2 Naga Sea Witch
2 Frost Arrows
1 Lich
1 Frost Nova
» actions
| Assign group hotkey | 6 | |
| Basic commands | 115 | |
| Build / train | 52 | |
| ESC pressed | 1 | |
| Enter build submenu | 14 | |
| Enter hero's abilities submenu | 8 | |
| Remove unit from queue | 1 | |
| Right click | 602 | |
| Select / deselect | 211 | |
| Select group hotkey | 168 | |
| Use ability | 65 | |
1243 total
» units
| Acolyte | 2 | |
| Ghoul | 5 | |
| Crypt Fiend | 8 | |
| Obsidian Statue | 2 | |
17 total
» upgrades
| Creature Attack | 2 | |
| Burrow | 1 | |
| Destroyer Form | 1 | |
| Web | 1 | |
| Creature Carapace | 1 | |
6 total
» buildings
| Crypt | 1 | |
| Altar of Darkness | 1 | |
| Ziggurat | 4 | |
| Tomb of Relics | 1 | |
| Graveyard | 1 | |
| Halls of the Dead | 3 | |
| Black Citadel | 1 | |
| Slaughterhouse | 1 | |
13 total
» build order
00:08 Crypt
00:27 Altar of Darkness
00:36 Ziggurat
00:49 Tomb of Relics
01:24 Graveyard
01:52 Ziggurat
02:51 Halls of the Dead
02:51 Halls of the Dead
03:50 Ziggurat
05:42 Black Citadel
07:12 Slaughterhouse
08:08 Ziggurat
» items
| Rod of Necromancy | 4 | |
| Lesser Clarity Potion | 1 | |
| Scroll of Town Portal | 2 | |
| Orb of Corruption | 1 | |
8 total

»
aix (
purple | 54 APM | 758 actions | 14:07)
3 Priestess of the Moon
1 Searing Arrows
2 Trueshot Aura
» actions
| Assign group hotkey | 20 | |
| Basic commands | 9 | |
| Build / train | 47 | |
| Enter build submenu | 14 | |
| Enter hero's abilities submenu | 3 | |
| Right click | 254 | |
| Select / deselect | 191 | |
| Select group hotkey | 200 | |
| Use ability | 20 | |
758 total
» units
» upgrades
| Strength of the Moon | 1 | |
| Moon Armor | 1 | |
| Strength of the Wild | 3 | |
| Reinforced Hides | 2 | |
| Improved Bows | 1 | |
| Corrosive Breath | 1 | |
9 total
» buildings
| Altar of Elders | 1 | |
| Ancient of War | 1 | |
| Moon Well | 5 | |
| Hunter's Hall | 1 | |
| Tree of Ages | 1 | |
| Ancient of Wonders | 1 | |
| Tree of Eternity | 1 | |
| Ancient of Wind | 1 | |
| Chimaera Roost | 2 | |
14 total
» build order
00:19 Altar of Elders
00:22 Ancient of War
00:28 Moon Well
01:47 Moon Well
02:26 Hunter's Hall
03:29 Moon Well
06:11 Tree of Ages
07:55 Moon Well
07:56 Moon Well
07:59 Ancient of Wonders
08:43 Tree of Eternity
08:48 Ancient of Wind
11:05 Chimaera Roost
11:07 Chimaera Roost
never.less (
blue | 87 APM | 1228 actions | 14:07)
3 Archmage
2 Summon Water Elemental
1 Brilliance Aura
2 Mountain King
1 Storm Bolt
1 Bash
» actions
| Assign group hotkey | 11 | |
| Basic commands | 100 | |
| Build / train | 54 | |
| Enter build submenu | 19 | |
| Enter hero's abilities submenu | 5 | |
| Remove unit from queue | 5 | |
| Right click | 693 | |
| Select / deselect | 228 | |
| Select group hotkey | 51 | |
| Use ability | 62 | |
1228 total
» units
| Peasant | 12 | |
| Footman | 8 | |
| Knight | 4 | |
| Spell Breaker | 4 | |
28 total
» upgrades
| Gunpowder | 0 | |
| Plating | 3 | |
| Swords | 1 | |
| Defend | 1 | |
| Masonry | 1 | |
| Animal War Training | 1 | |
7 total
» buildings
| Altar of Kings | 1 | |
| Farm | 5 | |
| Barracks | 1 | |
| Arcane Vault | 1 | |
| Blacksmith | 1 | |
| Lumber Mill | 1 | |
| Keep | 2 | |
| Castle | 1 | |
| Arcane Sanctum | 4 | |
17 total
» build order
00:30 Altar of Kings
01:00 Farm
01:15 Barracks
01:40 Farm
01:58 Arcane Vault
02:11 Blacksmith
02:43 Lumber Mill
03:51 Farm
03:52 Keep
03:52 Keep
05:16 Farm
06:28 Castle
06:35 Arcane Sanctum
07:54 Arcane Sanctum
07:56 Arcane Sanctum
08:17 Arcane Sanctum
09:28 Farm
PACKMEN (
orange | 71 APM | 1002 actions | 14:07)
3 Blademaster
2 Wind Walk
1 Critical Strike
2 Shadow Hunter
1 Hex
1 Healing Wave
» actions
| Assign group hotkey | 14 | |
| Build / train | 43 | |
| Enter build submenu | 13 | |
| Enter hero's abilities submenu | 5 | |
| Remove unit from queue | 1 | |
| Right click | 521 | |
| Select / deselect | 204 | |
| Select group hotkey | 137 | |
| Use ability | 64 | |
1002 total
» units
| Peon | 9 | |
| Grunt | 12 | |
| Spirit Walker | 4 | |
25 total
» upgrades
» buildings
| Altar of Storms | 1 | |
| Orc Burrow | 4 | |
| Barracks | 1 | |
| Voodoo Lounge | 1 | |
| War Mill | 1 | |
| Watch Tower | 3 | |
| Stronghold | 1 | |
| Spirit Lodge | 2 | |
| Fortress | 1 | |
15 total
» build order
00:09 Altar of Storms
00:12 Orc Burrow
00:39 Barracks
01:29 Orc Burrow
01:59 Voodoo Lounge
03:06 Orc Burrow
05:01 War Mill
06:29 Watch Tower
07:22 Watch Tower
07:34 Stronghold
07:46 Watch Tower
09:28 Orc Burrow
09:58 Spirit Lodge
09:59 Spirit Lodge
12:09 Fortress
» items
| Healing Salve | 1 | |
| Lesser Clarity Potion | 4 | |
| Scroll of Speed | 1 | |
| Staff of Teleportation | 1 | |
7 total
team 2 (loser)
ReconPeon (
pink | 67 APM | 929 actions | 13:48)
3 Mountain King
2 Storm Bolt
1 Bash
2 Paladin
1 Holy Light
1 Divine Shield
» actions
| Assign group hotkey | 13 | |
| Basic commands | 15 | |
| Build / train | 42 | |
| Enter build submenu | 24 | |
| Enter hero's abilities submenu | 5 | |
| Right click | 323 | |
| Select / deselect | 238 | |
| Select group hotkey | 205 | |
| Use ability | 64 | |
929 total
» units
| Peasant | 8 | |
| Footman | 3 | |
| Rifleman | 9 | |
20 total
» upgrades
| Gunpowder | 2 | |
| Long Rifles | 1 | |
| Armor | 1 | |
| Masonry | 1 | |
5 total
» buildings
| Barracks | 4 | |
| Farm | 6 | |
| Altar of Kings | 1 | |
| Blacksmith | 1 | |
| Scout Tower | 7 | |
| Keep | 1 | |
| Arcane Tower | 3 | |
| Arcane Vault | 1 | |
| Lumber Mill | 1 | |
| Guard Tower | 2 | |
27 total
» build order
00:12 Barracks
00:21 Farm
00:35 Altar of Kings
00:52 Farm
02:02 Blacksmith
02:22 Farm
02:31 Scout Tower
03:22 Keep
03:57 Farm
04:47 Farm
05:21 Farm
05:42 Arcane Tower
05:45 Scout Tower
06:20 Arcane Tower
06:25 Arcane Vault
07:49 Lumber Mill
09:42 Scout Tower
09:45 Barracks
11:13 Arcane Tower
11:16 Scout Tower
11:18 Scout Tower
13:06 Guard Tower
13:07 Guard Tower
13:08 Scout Tower
13:09 Scout Tower
13:36 Barracks
13:38 Barracks
» items
| Scroll of Regeneration | 1 | |
| Scroll of Town Portal | 1 | |
| Lesser Clarity Potion | 2 | |
4 total

»
euroklown (
teal | 117 APM | 1651 actions | 14:07)
4 Death Knight
2 Death Coil
2 Unholy Aura
2 Lich
1 Frost Nova
1 Frost Armor
» actions
| Assign group hotkey | 42 | |
| Basic commands | 128 | |
| Build / train | 41 | |
| Enter build submenu | 13 | |
| Enter hero's abilities submenu | 6 | |
| Give item / drop item | 1 | |
| Remove unit from queue | 1 | |
| Right click | 763 | |
| Select / deselect | 183 | |
| Select group hotkey | 415 | |
| Use ability | 58 | |
1651 total
» units
| Acolyte | 3 | |
| Ghoul | 3 | |
| Crypt Fiend | 8 | |
| Obsidian Statue | 2 | |
| Abomination | 1 | |
17 total
» upgrades
| Web | 1 | |
| Destroyer Form | 1 | |
| Burrow | 1 | |
3 total
» buildings
| Graveyard | 1 | |
| Crypt | 1 | |
| Altar of Darkness | 1 | |
| Ziggurat | 6 | |
| Tomb of Relics | 1 | |
| Halls of the Dead | 1 | |
| Black Citadel | 1 | |
| Slaughterhouse | 1 | |
13 total
» build order
00:08 Graveyard
00:12 Crypt
00:32 Altar of Darkness
00:48 Ziggurat
01:37 Tomb of Relics
01:59 Ziggurat
03:14 Ziggurat
04:42 Halls of the Dead
06:28 Ziggurat
07:32 Black Citadel
08:00 Slaughterhouse
09:32 Ziggurat
09:32 Ziggurat
» items
| Rod of Necromancy | 2 | |
| Dust of Appearance | 1 | |
| Lesser Clarity Potion | 3 | |
| Scroll of Town Portal | 1 | |
| Potion of Lesser Invulnerability | 1 | |
| Scroll of Healing | 1 | |
9 total
Pycco-TypbIcTo (
yellow | 72 APM | 1003 actions | 13:57)
3 Keeper of the Grove
1 Entangling Roots
2 Thorns Aura
» actions
| Assign group hotkey | 32 | |
| Basic commands | 5 | |
| Build / train | 42 | |
| ESC pressed | 1 | |
| Enter build submenu | 16 | |
| Enter hero's abilities submenu | 3 | |
| Remove unit from queue | 2 | |
| Right click | 492 | |
| Select / deselect | 270 | |
| Select group hotkey | 92 | |
| Use ability | 48 | |
1003 total
» units
| Wisp | 13 | |
| Archer | 15 | |
| Glaive Thrower | 3 | |
31 total
» upgrades
| Strength of the Moon | 1 | |
| Moon Armor | 1 | |
| Ultravision | 1 | |
| Improved Bows | 1 | |
4 total
» buildings
| Altar of Elders | 1 | |
| Moon Well | 5 | |
| Ancient of War | 2 | |
| Ancient of Wonders | 2 | |
| Hunter's Hall | 1 | |
| Ancient Protector | 3 | |
| Tree of Ages | 1 | |
15 total
» build order
00:20 Altar of Elders
00:24 Moon Well
00:53 Ancient of War
01:28 Moon Well
02:06 Ancient of War
02:49 Moon Well
03:38 Moon Well
03:44 Ancient of Wonders
04:18 Hunter's Hall
06:44 Ancient Protector
06:49 Ancient Protector
07:04 Ancient Protector
09:27 Tree of Ages
11:04 Moon Well
11:27 Ancient of Wonders
» items
white_talon (
green | 70 APM | 967 actions | 13:51)
3 Keeper of the Grove
2 Entangling Roots
1 Thorns Aura
» actions
| Assign group hotkey | 24 | |
| Build / train | 43 | |
| Enter build submenu | 20 | |
| Enter hero's abilities submenu | 3 | |
| Right click | 437 | |
| Select / deselect | 225 | |
| Select group hotkey | 170 | |
| Use ability | 45 | |
967 total
» units
| Wisp | 15 | |
| Huntress | 5 | |
| Dryad | 4 | |
| Druid of the Claw | 2 | |
26 total
» upgrades
| Ultravision | 1 | |
| Strength of the Moon | 1 | |
| Druid of the Claw Training | 1 | |
| Abolish Magic | 1 | |
| Strength of the Wild | 1 | |
| Reinforced Hides | 2 | |
7 total
» buildings
| Altar of Elders | 1 | |
| Moon Well | 5 | |
| Hunter's Hall | 1 | |
| Ancient of War | 2 | |
| Ancient of Wonders | 1 | |
| Tree of Ages | 1 | |
| Ancient Protector | 1 | |
| Ancient of Lore | 2 | |
| Tree of Eternity | 1 | |
15 total
» build order
00:05 Altar of Elders
00:20 Moon Well
01:54 Hunter's Hall
01:57 Ancient of War
02:01 Ancient of War
02:18 Moon Well
03:24 Ancient of Wonders
04:04 Moon Well
05:17 Tree of Ages
07:42 Moon Well
07:45 Ancient Protector
07:49 Ancient of Lore
08:29 Ancient of Lore
11:18 Tree of Eternity
11:30 Moon Well
» items
| Dust of Appearance | 1 | |
| Lesser Clarity Potion | 1 | |
| Potion of Mana | 1 | |
| Scroll of Town Portal | 1 | |
4 total
Chat log
(02:08 / Allies) aix: chims here
(02:43 / Allies) aix: are we rushing?
(03:06 / Allies) never.less: hey aix
(03:11 / Allies) aix: hey man
(03:12 / Allies) never.less: ur ur name supposed to remind me of
(03:17 / Allies) never.less: armani exchange
(03:22 / Allies) aix: why?
(03:30 / Allies) never.less: cuz their logo is a
(03:34 / Allies) never.less: a|X
(03:36 / Allies) never.less: a|x
(03:38 / Allies) aix: oh, ha
(03:41 / Allies) PACKMEN: come purp
(04:56 / Allies) PACKMEN: b
(05:31 / Allies) aix: be ready to tp
(06:45 / Allies) PACKMEN: dk
(06:55 / Allies) never.less: fiend
(07:06 / Allies) boli: b
(07:37 / Allies) aix: tping
(08:04 / Allies) never.less: yea push him
(09:18 / Allies) never.less: b
(10:01 / Allies) never.less: heko
(10:04 / Allies) never.less: help
(10:12 / Allies) aix: red can you help him
(10:17 / Allies) aix: thet are all there
(11:19 / Allies) never.less: ok pink now
(11:45 / Allies) aix: ty
(12:20 / Allies) PACKMEN: gj
(12:44 / All) never.less: lol
(12:50 / All) ReconPeon: these guys suck
(12:59 / All) ReconPeon: wow late yellow
(13:16 / All) ReconPeon: yeah too bad
(13:20 / All) ReconPeon: wow late green
(13:51 / All) never.less: lol
(14:06 / All) euroklown: shit allies